 Dungeon Crawl Stone Soup version 0.20.1-1-g8b1a95d (webtiles) character file.

60 vatarom the Slasher (level 3, -4/28 HPs)
             Began as a Demonspawn Gladiator on Sept 15, 2017.
             Killed from afar by Natasha (7 damage)
             ... with a magic dart
             ... on level 2 of the Dungeon.
             The game lasted 00:02:12 (1504 turns).

vatarom the Slasher (Demonspawn Gladiator)          Turns: 1504, Time: 00:02:13

Health: -4/28      AC:  4    Str: 15    XL:     3   Next: 82%
Magic:  0/3        EV: 17    Int:  9    God:
Gold:   112        SH:  2    Dex: 14    Spells: 2/2 levels left

rFire    . . .     SeeInvis .   a - +0 long sword
rCold    . . .     Gourm    .   (no shield)
rNeg     + . .     Faith    .   b - +0 leather armour
rPois    .         Spirit   +   c - +0 helmet
rElec    .         Reflect  +   (no cloak)
rCorr    .         Harm     .   (no gloves)
MR       .....                  (no boots)
Stlth    +.........             i - +2 amulet of reflection
Regen    0.1/turn               e - ring of positive energy
MPRegen  0.1/turn               k - +4 ring of evasion

@: no status effects
A: magic shield
a: no special abilities


You were on level 2 of the Dungeon.
You were not hungry.

You visited 1 branch of the dungeon, and saw 2 of its levels.

You collected 112 gold pieces.

Inventory:

Hand Weapons
 a - a +0 long sword (weapon)
Missiles
 d - 2 throwing nets (quivered)
Armour
 b - a +0 leather armour (worn)
 c - a +0 helmet (worn)
Jewellery
 e - a ring of positive energy (left hand)
 h - an uncursed amulet of rage
 i - a +2 amulet of reflection (around neck)
 k - a +4 ring of evasion (right hand)
 l - an uncursed amulet of harm
Scrolls
 j - 2 scrolls of teleportation
Comestibles
 f - 2 bread rations


   Skills:
 + Level 2.6 Fighting
 * Level 3.6 Long Blades
 - Level 1.7 Throwing
 + Level 0.3 Armour
 + Level 3.1 Dodging


You had 2 spell levels left.
You didn't know any spells.

Dungeon Overview and Level Annotations

Branches:
Dungeon (2/15)

Altars:

Annotations:
D:2 Natasha


Innate Abilities, Weirdness & Mutations

When hurt, damage is shared between your health and your magic reserves.


Message History

Unknown command.
You closely miss Natasha.
Natasha is severely wounded.
The rat closely misses you. Natasha misses you.
You closely miss Natasha.
Natasha is severely wounded.
The shadow imp barely misses you. The rat bites you but does no damage.
Natasha claws you.
* * * LOW HITPOINT WARNING * * *
The shadow imp misses you.
Unknown command.
It was a potion of cancellation.
You feel magically purged. The rat closely misses you.
You closely miss the rat. The rat closely misses you.
You riposte.
You barely miss the rat. The rat barely misses you.
You riposte.
You hit the rat.
You kill the rat!
Natasha stares at you and mumbles some strange words.
The magic dart hits you!
You die...

#. #.#. #<....... #.##
#...##.###.### .. #..#
........##...# #.# #...
#.#..........
#..######.####............
......$#..................
.......#..................
.......#....<.##..........
.......#.@....###...##....
......5†.................#
......h#......############
.......#......#
.......######## .......
....... #######


You could see Natasha and a shadow imp.

Vanquished Creatures
  Natasha (D:2)
  An ooze (D:1)
  A worm (D:2)
  2 leopard geckos (D:1)
  2 giant cockroaches (D:1)
  3 goblins
  5 hobgoblins (D:1)
  A quokka (D:2)
  3 bats (D:1)
  A frilled lizard (D:2)
  5 kobolds
  3 rats
28 creatures vanquished.

Notes
Turn   | Place    | Note
-------+----------+-------------------------------------------
     0 | D:1      | vatarom the Demonspawn Gladiator began the quest for the Orb.
     0 | D:1      | Reached XP level 1. HP: 16/16 MP: 1/1
   363 | D:1      | Gained mutation: When hurt, damage is shared between your health and your magic reserves. [demonic ancestry]
   363 | D:1      | Reached XP level 2. HP: 18/22 MP: 2/2
  1250 | D:2      | Reached XP level 3. HP: 28/28 MP: 3/3
  1288 | D:2      | Noticed Natasha
  1297 | D:2      | Killed Natasha
  1489 | D:2      | Noticed Natasha
  1504 | D:2      | Killed from afar by Natasha

Skill      XL: |  1  2  3 |
---------------+----------+-----
Long Blades    | 3 |  3.6
Dodging        | 3 |  3.1
Fighting       | |  2.6
Throwing       | |  1.7
Armour         | |  0.3

Action                   || total
-------------------------++-------
Melee: Long sword        ||    90
Throw: Throwing net      ||     2
  Use: Scroll            ||     6
       Potion            ||     2
 Stab: Held in net/web   ||     2
  Eat: Chunk             ||     2
Armor: Leather armour    ||    21
Dodge: Dodged            ||    79
Block: Other             ||     3
       Rpst.: Long sword ||    26
